 Dungeon Crawl Stone Soup version 0.30.1-3-gfc49f6343a (webtiles) character file.

Game seed: 5136608331852878218

382 Destapler the Insei (level 6, -1/46 HPs)
             Began as a Demonspawn Transmuter on Aug 8, 2023.
             Was a Priest of Qazlal.
             Slain by Edmund
             ... wielding a +2 dire flail of protection
              (10 damage)
             ... on level 4 of the Dungeon.
             The game lasted 00:17:25 (3633 turns).

Destapler the Insei (Demonspawn Transmuter)         Turns: 3633, Time: 00:17:26

Health: -1/46      AC:  3    Str: 17    XL:     6   Next: 47%
Magic:  8/10       EV: 12    Int: 16    God:    Qazlal [***...]
Gold:   170        SH:  3    Dex: 13    Spells: 8/11 levels left

rFire   . .          .
                       - Unarmed
rCold   . . .        (no shield)
rNeg    . . .        a - +0 robe
rPois   .            (helmet currently unavailable)
rElec   .            (no cloak)
rCorr   .            m - +0 pair of gloves
SInv    .            (boots currently unavailable)
Will    .....        (no amulet)
Stlth   +            k - +6 ring of strength
HPRegen 0.27/turn    (no ring)
MPRegen 0.12/turn

%: no passive effects
@: appendages, wereblooded, flying, hasted, very quick
A: talons 2, antennae 1, powered by death 1, weakness stinger 1
a: End Transformation, Renounce Religion, Upheaval, Elemental Force


You were on level 4 of the Dungeon.
You worshipped Qazlal.
Qazlal was most pleased with you.
You had temporarily grown beastly talons.
You visited 1 branch of the dungeon, and saw 4 of its levels.

You collected 170 gold pieces.

Inventory:

Hand Weapons
 u - a +4 dagger
Missiles
 n - 11 poisoned darts
 o - 8 boomerangs of dispersal
Armour
 a - a +0 robe (worn)
 m - a +0 pair of gloves (worn)
Jewellery
 k - a +6 ring of strength (left hand)
Wands
 b - a wand of light (9)
 r - a wand of digging (6)
Scrolls
 d - a scroll of magic mapping {unknown}
 g - 2 scrolls of fear {unknown}
 j - 2 scrolls of enchant weapon {unknown}
 l - a scroll of teleportation {unknown}
 p - a scroll of vulnerability {unknown}
 q - a scroll of identify {unknown}
 t - 2 scrolls of fog {unknown}
Potions
 c - a potion of heal wounds {unknown}
 e - 2 potions of brilliance {unknown}
 f - a potion of haste
 h - 3 potions of flight
 i - a potion of degeneration {unknown}
 s - a potion of lignification


   Skills:
 + Level 2.8 Fighting
 + Level 1.4 Armour
 + Level 3.0 Dodging
 - Level 3.0 Unarmed Combat
 - Level 3.0 Spellcasting
 - Level 3.0 Transmutations
 - Level 3.0 Invocations
 + Level 1.5 Evocations


You had 8 spell levels left.
You knew the following spells:

 Your Spells              Type           Power      Damage    Failure   Level
a - Beastly Appendage     Tmut           24%        N/A       5%          1
b - Wereblood             Tmut           12%        N/A       9%          2

Your spell library contained the following spells:

 Spells                   Type           Power      Damage    Failure   Level
 Blink                    Tloc           4%         N/A       28%         2
 Lesser Beckoning         Tloc           4%         N/A       28%         2
 Momentum Strike          Conj/Tloc      4%         3d8       28%         2
 Poisonous Vapours        Pois/Air       4%         N/A       28%         2
 Spider Form              Tmut/Pois      7%         N/A       30%         3
 Mephitic Cloud           Conj/Pois/Air  2%         N/A       50%         3
 Ice Form                 Ice/Tmut       7%         N/A       69%         4
 Freezing Cloud           Conj/Ice/Air   1%         6-21      99%         5


Dungeon Overview and Level Annotations

Branches:
Dungeon (4/15)
 Temple: D:4-7

Altars:
Qazlal

Annotations:
D:4 Edmund


Innate Abilities, Weirdness & Mutations

You have temporarily grown beastly talons.
You have a pair of small antennae on your head.
You regenerate a little health from kills.
You have a small tail.


Message History

You kill the goblin!
Qazlal accepts your kill.
You feel very sick.
You feel sick.
You now have 170 gold pieces (gained 7).
You see here a +3 dagger of venom.
You howl as the wereblood boils in your veins!
You feel very sick.
You feel sick.
You howl as the wereblood boils in your veins!
You feel sick.
You feel sick.
You hit Edmund.
Your tail-slap misses Edmund.
Edmund is lightly wounded.
You feel sick.
Edmund hits you with a +2 dire flail of protection!
* * * LOW HITPOINT WARNING * * *
You barely miss Edmund. You claw Edmund. You tail-slap Edmund.
Edmund is lightly wounded.
You howl as the wereblood boils in your veins!
You feel sick.
Edmund zaps a wand.
The puff of flame hits you!
* * * LOW HITPOINT WARNING * * *
You barely miss Edmund. You claw Edmund.
Edmund is moderately wounded.
You feel sick.
Edmund drinks a potion.
Edmund goes berserk!
It was a potion of flight.
You feel very buoyant.
You fly up into the air.
You feel sick.
You are no longer poisoned.
Edmund hits you with a +2 dire flail of protection.
* * * LOW HITPOINT WARNING * * *
It was a potion of haste.
You feel yourself speed up. You block Edmund's attack.
Edmund closely misses you.
You closely miss Edmund. You claw Edmund, but do no damage.
Edmund is moderately wounded.
You hit Edmund but do no damage. You claw Edmund, but do no damage.
You tail-slap Edmund, but do no damage.
Edmund is moderately wounded.
Edmund hits you with a +2 dire flail of protection!
You die...

#.....#.#.##†#.#.#.#.
#...###.#.)#.....#.#.
#...##...###..##...#.#.
###..#..#.#...##†##..#..
....##.##.###[#.[.#..####
....##..##..#.##[#.......
...... #..#..#..##..#####
......##.###.#.#.#.......
.......#@@#.##.#.#..#####
........##.[.# #....##
......###.#.#.##.....#
..........###........#
.....................#
............##....####
............#######
............#
##.........#


You could see Edmund (berserk).

Vanquished Creatures
  A phantom (D:4)
  A scorpion (D:4)
  Terence (D:3)
  2 iguanas
  Ijyb (D:3)
  3 gnolls (D:2)
  4 adders
  A worm (D:3)
  3 dart slugs
  8 bats
  9 endoplasms
  4 giant cockroaches
  7 goblins
  7 hobgoblins
  2 jackals (D:1)
  3 quokkas
  5 ball pythons
  3 frilled lizards (D:2)
  7 kobolds
  3 rats
75 creatures vanquished.

Notes
Turn   | Place    | Note
-------+----------+-------------------------------------------
     0 | D:1      | Destapler the Demonspawn Transmuter began the quest for the
                  | Orb.
     0 | D:1      | Reached XP level 1. HP: 15/15 MP: 3/3
   205 | D:1      | Found a faded altar of an unknown god.
   221 | D:1      | Prayed at the altar of an unknown god.
   221 | D:1      | Became a worshipper of Qazlal Stormbringer
   221 | D:1      | Reached * piety under Qazlal
   283 | D:1      | Discovered your monstrous ancestry.
   283 | D:1      | Gained mutation: You have a small tail. [demonic ancestry]
   283 | D:1      | Reached XP level 2. HP: 21/21 MP: 3/5
   400 | D:1      | Learned a level 2 spell: Wereblood
  1019 | D:2      | Reached XP level 3. HP: 26/26 MP: 4/6
  1069 | D:2      | Reached ** piety under Qazlal
  1074 | D:2      | Reached skill level 1 in Invocations
  1708 | D:2      | Reached XP level 4. HP: 33/33 MP: 7/7
  2714 | D:3      | Gained mutation: You regenerate a little health from kills.
                  | [demonic ancestry]
  2714 | D:3      | Reached XP level 5. HP: 38/38 MP: 7/9
  2726 | D:3      | Noticed Terence
  2733 | D:3      | Killed Terence
  3093 | D:3      | Noticed Ijyb
  3108 | D:3      | Killed Ijyb
  3437 | D:4      | Reached skill level 1 in Armour
  3437 | D:4      | Reached skill level 1 in Evocations
  3437 | D:4      | Lost mutation: You have a pair of horns on your head.
                  | [demonic ancestry]
  3437 | D:4      | Lost mutation: You have a pair of small horns on your head.
                  | [demonic ancestry]
  3437 | D:4      | Gained mutation: You have a pair of small antennae on your
                  | head. [demonic ancestry]
  3437 | D:4      | Reached XP level 6. HP: 23/45 MP: 8/10
  3527 | D:4      | Reached *** piety under Qazlal
  3616 | D:4      | Noticed Edmund
  3633 | D:4      | Slain by Edmund

Illustrated notes

Levels and vault maps discovered:
D:1:      roderic_crop_circles_arrival_large, layout_basic,
          basic_ecumenical_altar, kennysheep_nondescript, st_stairs_9,
          nicolae_concentric_dashed_squares_mild
D:2:      layout_basic, minmay_divided_ellipse
D:3:      layout_basic, uniq_terence, uniq_ijyb
D:4:      layout_basic, gammafunk_temple_overflow_forgotten,
          minmay_pentomino_pile, uniq_edmund

Skill      XL: |  1  2  3  4  5  6 |
---------------+-------------------+-----
Transmutations | 2 3 |  3.0
Dodging        | 2 3 |  3.0
Invocations    | 1 2 3 |  3.0
Unarmed Combat | 3 |  3.0
Fighting       | 2 |  2.8
Armour         | 1 |  1.4
Spellcasting   | 3 |  3.0
Evocations     | 1 |  1.5

Action                     |  1- 3 |  4- 6 || total
---------------------------+-------+-------++-------
  Melee: Unarmed           |    93 |   125 ||   218
         Headbutt          |    10 |    14 ||    24
         Punch             |     3 |       ||     3
         Kick              |    12 |    38 ||    50
         Tailslap          |     2 |    13 ||    15
  Throw: Dart              |     5 |       ||     5
   Cast: Beastly Appendage |    23 |    28 ||    51
         Wereblood         |     1 |     3 ||     4
 Invoke: Upheaval          |       |     1 ||     1
  Evoke: Wand              |       |     1 ||     1
    Use: Potion            |     1 |     2 ||     3
   Stab: Invisible         |       |     1 ||     1
 Armour: Robe              |     9 |    27 ||    36
         Skin              |     2 |       ||     2
  Dodge: Dodged            |    55 |    61 ||   116
  Block: Other             |     3 |     9 ||    12
